 Dungeon Crawl Stone Soup version 0.21-a0-440-g28109cb (webtiles) character file.

7 Inectha the Sneak (level 1, 0/9 HPs)
             Began as a Spriggan Enchanter on Nov 11, 2017.
             Slain by a hobgoblin
             ... wielding a +0 club
              (3 damage)
             ... on level 1 of the Dungeon.
             The game lasted 00:04:57 (389 turns).

Inectha the Sneak (Spriggan Enchanter)               Turns: 389, Time: 00:04:58

Health: 0/9        AC:  2    Str:  4    XL:     1   Next: 91%
Magic:  3/5        EV: 18    Int: 16    God:
Gold:   27         SH:  0    Dex: 16    Spells: 4/5 levels left

rFire    . . .     SeeInvis +   a - +1 dagger
rCold    . . .     Gourm    .   (shield restricted)
rNeg     . . .     Faith    .   b - +0 robe
rPois    .         Spirit   .   (helmet restricted)
rElec    .         Reflect  .   (no cloak)
rCorr    .         Harm     .   (gloves unavailable)
MR       .....                  (boots unavailable)
Stlth    +++.......             (no amulet)
HPRegen  0.03/turn              (no ring)
MPRegen  0.09/turn              (no ring)

@: very quick
A: unfitting armour, see invisible, herbivore 3, speed 3, slow metabolism 2
a: no special abilities


You were on level 1 of the Dungeon.
You were not hungry.

You visited 1 branch of the dungeon, and saw 1 of its levels.

You collected 27 gold pieces.

Inventory:

Hand Weapons
 a - a +1 dagger (weapon)
 l - a +0 short sword
Armour
 b - a +0 robe (worn)
Jewellery
 k - an uncursed ring of flight {unknown}
Scrolls
 j - a scroll of random uselessness {unknown}
Potions
 e - a potion of invisibility {unknown}
 f - a potion of resistance {unknown}
 g - a potion of degeneration {unknown}
 h - 2 potions of cancellation {unknown}
Books
 c - a book of Maledictions

   Spells                             Type                      Level
   a - Corona                         Hexes                        1
   b - Ensorcelled Hibernation        Hexes/Ice                    2
   c - Confuse                        Hexes                        3
   d - Tukima's Dance                 Hexes                        3
   e - Dazzling Spray                 Conjuration/Hexes            3
Comestibles
 d - a bread ration
 i - a royal jelly


   Skills:
 + Level 1.1 Short Blades
 + Level 3.1 Dodging
 + Level 4.6 Stealth
 + Level 2.8 Spellcasting
 + Level 3.9 Hexes


You had 4 spell levels left.
You knew the following spells:

 Your Spells              Type           Power        Failure   Level  Hunger
a - Corona                Hex            ##.....      3%          1    #......


Dungeon Overview and Level Annotations

Branches:
Dungeon (1/15)

Altars:


Innate Abilities, Weirdness & Mutations

You are very small and have problems with some larger weapons.
You are too small for most types of armour.
You have supernaturally acute eyesight. (SInv)
You are a herbivore.
You cover ground extremely quickly.
You need consume almost no food.


Message History

Confirm with . or Enter, or press ? or * to list all spells.
Aiming: Corona
Press: ? - help, Shift-Dir - straight line, f - hobgoblin
Aim: a hobgoblin, wielding a club (chance to defeat MR: 68%)
The bat is outlined in light.
The bat completely misses you.
You hit the hobgoblin but do no damage. The hobgoblin barely misses you.
The bat closely misses you.
Casting: Corona
Confirm with . or Enter, or press ? or * to list all spells.
Aiming: Corona
Press: ? - help, Shift-Dir - straight line, f/p - hobgoblin
Aim: a hobgoblin, wielding a club (chance to defeat MR: 68%)
The hobgoblin barely resists.
The bat misses you. The hobgoblin hits you with a club.
Ouch! That really hurt!
You hit the hobgoblin.
The hobgoblin is moderately wounded.
The bat closely misses you. The kobold hits you with a dagger.
The hobgoblin hits you with a club.
You die...

###.#######
#....#....#
#....#....#
.#....#....#
...........####
...............
#.....Kb...#
#.....g@...###
...>.........+
#.[....##.####
####### #.#
#...####.#
#........#
#...######
#.#......# ....
#.#.####.# ...#


You could see a hobgoblin, a bat and a kobold.

Vanquished Creatures
  2 bats (D:1)
  A hobgoblin (D:1)
  A kobold (D:1)
  2 goblins (D:1)
6 creatures vanquished.

Notes
Turn   | Place    | Note
-------+----------+-------------------------------------------
     0 | D:1      | Inectha the Spriggan Enchanter began the quest for the Orb.
     0 | D:1      | Reached XP level 1. HP: 9/9 MP: 5/5
   389 | D:1      | Slain by a hobgoblin

Vault maps used:
D:1:      dpeg_arrival_circle_labyrinth_b

Action                   || total
-------------------------++-------
Melee: Dagger            ||    28
 Cast: Corona            ||     8
Armor: Robe              ||     6
Dodge: Dodged            ||    32

Table legend:
 A = Spawn XP
 B = Non-spawn XP
 C = Spawn XP percentage of total XP
 D = Spawn monster count
 E = Non-spawn monster count
 F = Spawn count percentage of total count
 G = Total turns spent on level
                    A         B        C        D         E        F      G
               +---------+---------+-------+---------+---------+-------+---------
         Total |       0 |      11 |   0.0 |       0 |       6 |   0.0 |   389
               +---------+---------+-------+---------+---------+-------+---------
           D:1 |       0 |      11 |   0.0 |       0 |       6 |   0.0 |   389
               +---------+---------+-------+---------+---------+-------+---------
